 Dungeon Crawl Stone Soup version 0.19.0-11-g3fc08b3 (webtiles) character file.

2580 tv1990 the Knight (level 9, 0/88 HPs)
             Began as a Formicid Arcane Marksman on Nov 8, 2016.
             Was a Priest of Okawaru.
             Killed from afar by Pikel (10 damage)
             ... with a wand of acid
             ... on level 8 of the Dungeon.
             The game lasted 00:22:00 (5713 turns).

tv1990 the Knight (Formicid Arcane Marksman)        Turns: 5713, Time: 00:22:00

Health: 0/88       AC: 16    Str: 18    XL:     9   Next: 88%
Magic:  15/15      EV:  2    Int: 13    God:    Okawaru [***...]
Gold:   299        SH:  0    Dex: 13    Spells: 1 memorised, 9 levels left

rFire  . . .     SeeInvis .     a - +2 hand crossbow
rCold  . . .     Gourm    .     (armour currently unavailable)
rNeg   + + +     Faith    .     (no shield)
rPois  +         Spirit   .     (helmet unavailable)
rElec  .         Reflect  .     (cloak currently unavailable)
rCorr  .         Harm     .     (gloves currently unavailable)
MR     +....                    (boots currently unavailable)
Stlth  +.........               (no amulet)
                                J - ring of protection from magic
                                x - +2 ring of strength

@: tree-form, corroded
A: permanent stasis, dig shafts and tunnels, four strong arms, (antennae 0)
a: Heroism, Renounce Religion


You were on level 8 of the Dungeon.
You worshipped Okawaru.
Okawaru was most pleased with you.
You were hungry.
You were a tree.
You visited 2 branches of the dungeon, and saw 10 of its levels.

You collected 299 gold pieces.

Inventory:

Hand Weapons
 a - a +2 hand crossbow (weapon)
 p - a +0 mace
 A - a +3 whip
Missiles
 d - 21 bolts (quivered)
Armour
 e - a +0 robe
 l - a +0 leather armour
 o - a +0 chain mail (melded)
 r - a +0 cloak (melded)
 w - a +2 pair of boots (melded)
 y - a cursed +0 large shield
 C - a +1 pair of gloves (melded)
 D - a +0 ring mail
Jewellery
 x - a +2 ring of strength (left branch)
 J - a ring of protection from magic (right branch)
 O - an uncursed ring of protection from cold
Wands
 t - a wand of flame (20/48)
Scrolls
 b - a scroll of amnesia
 j - a scroll of teleportation
 m - a scroll of recharging
 s - a scroll of enchant weapon
 v - 4 scrolls of remove curse
 L - a scroll of magic mapping
Potions
 g - a potion of flight
 h - a potion of lignification
 k - 3 potions of magic
 n - 2 potions of agility {unknown}
 q - 2 potions of cancellation {unknown}
 z - a potion of brilliance
 E - a potion of degeneration {unknown}
 H - 3 potions of cure mutation {unknown}
 K - 5 potions of heal wounds {unknown}
 M - a potion of ambrosia {unknown}
Books
 c - a book of Debilitation

   Spells                             Type                      Level
   a - Corona                         Hexes                        1
   b - Slow                           Hexes                        2
   c - Gell's Gravitas                Hexes/Translocation          3
   d - Inner Flame                    Hexes/Fire                   3
   e - Cause Fear                     Hexes                        4
   f - Leda's Liquefaction            Hexes/Earth                  4
 i - a book of Callings

   Spells                             Type                      Level
   a - Summon Small Mammal            Summoning                    1
   b - Call Imp                       Summoning                    2
   c - Call Canine Familiar           Summoning                    3
   d - Summon Guardian Golem          Hexes/Summoning              3
   e - Summon Lightning Spire         Summoning/Air                4
   f - Summon Ice Beast               Ice/Summoning                4
Comestibles
 f - 6 bread rations
 u - 6 meat rations
 B - a beef jerky
 G - 4 royal jellies
 N - 2 slices of pizza


   Skills:
 - Level 1.1 Fighting
 - Level 7.7 Maces & Flails
 - Level 6.6 Crossbows
 - Level 1.7 Dodging
 - Level 1.1 Spellcasting
 - Level 3.6 Hexes
 + Level 9.2 Invocations


You had 9 spell levels left.
You knew the following spells:

 Your Spells              Type           Power        Failure   Level  Hunger
a - Corona                Hex            ##.....      10%         1    ##.....


Dungeon Overview and Level Annotations

Branches:
Dungeon (9/15)             Temple (1/1) D:4
   Lair: D:8-11         Orc: D:9-12

Altars:
Cheibriados
Dithmenos
Elyvilon
Gozag
Hepliaklqana
Makhleb
Okawaru
Qazlal
Ru
Sif Muna
Vehumet
Xom
Yredelemnul

Annotations:
D:8 Pikel


Innate Abilities, Weirdness & Mutations

You are under a permanent stasis effect.
You can dig through walls and to a lower floor.
Your four strong arms can wield two-handed weapons with a shield.
((You have a pair of large antennae on your head. (SInv)))


Message History

Pikel is lightly wounded.
Pikel zaps a wand.
The bolt of acid hits you!
* * * LOW HITPOINT WARNING * * *
The acid corrodes you!
You are splashed with acid!
The acid burns!
* * * LOW HITPOINT WARNING * * *
The slave hits you.
* * * LOW HITPOINT WARNING * * *
You feel better. The slave hits you but does no damage.
Pikel hits you but does no damage. The slave barely misses you.
The slave hits you.
* * * LOW HITPOINT WARNING * * *
Firing (i - inventory):
d - 22 bolts (quivered)
Press: ? - help, Shift-Dir - straight line, f/p - Pikel
Aim: Pikel, wielding a whip of freezing, wearing a glowing robe and carrying a wand of acid {zapped: 2} (lightly wounded)
You shoot a bolt. The bolt hits the slave.
The slave is heavily wounded.
The slave hits you.
* * * LOW HITPOINT WARNING * * *
Pikel zaps a wand.
The bolt of acid hits you!
You die...

.................#...#.####
.....###############......#
#....# ##### ####...#
###..#######.!..# #####
####..>.)....##.##
...#.#.#....##...##
##.........##.....######
####......#....pp.#...##...
##........._♣K[((.......
##..!.#....p..#.(......
#....##.....##........
##....##...##.........
#.....##.## .........
..........###...##..(
#..........# ##### ###
#......... #


You could see Pikel and 3 slaves.

Vanquished Creatures
  The ghost of Oozefury the Insei, a novice DsMo of Makhleb (D:5)
  A hippogriff (D:7)
  Sigmund (D:5)
  A hungry ghost (D:8)
  A sky beast (D:6)
  A slave (D:8)
  3 phantoms
  4 ogres
  Blork the orc (D:5)
  3 bullfrogs
  A water moccasin skeleton (D:7)
  3 crimson imps
  A bullfrog zombie (D:6)
  A hound (D:6)
  3 orc wizards (D:5)
  2 jellies
  2 bullfrog skeletons
  2 iguanas
  7 worker ants
  A killer bee zombie (D:7)
  2 hound zombies
  A worker ant zombie (D:7)
  10 adders
  A howler monkey skeleton (D:6)
  3 shadow imps
  2 oozes
  2 adder skeletons
  3 worms
  A dart slug (D:3)
  A leopard gecko (D:2)
  13 orcs
  2 ball pythons
  3 giant cockroaches
  8 goblins
  3 hobgoblins
  3 quokkas
  4 bats
  2 frilled lizards (D:2)
  4 kobolds
  A leopard gecko skeleton (D:5)
  A quokka skeleton (D:6)
  A quokka zombie (D:5)
  5 rats
116 creatures vanquished.

Notes
Turn   | Place    | Note
-------+----------+-------------------------------------------
     0 | D:1      | tv1990 the Formicid Arcane Marksman began the quest for the Orb.
     0 | D:1      | Reached XP level 1. HP: 15/15 MP: 2/2
   533 | D:1      | Reached XP level 2. HP: 14/21 MP: 3/3
   640 | D:2      | Reached XP level 3. HP: 16/26 MP: 4/4
   907 | D:2      | Found a stormy altar of Qazlal.
   907 | D:2      | Found a faded altar of an unknown god.
   912 | D:2      | Found a faded altar of an unknown god.
   914 | D:2      | Found a faded altar of an unknown god.
   916 | D:2      | Found a faded altar of an unknown god.
  1085 | D:2      | Reached skill level 1 in Maces & Flails
  1085 | D:2      | Reached XP level 4. HP: 29/32 MP: 5/5
  1766 | D:3      | Reached XP level 5. HP: 36/37 MP: 6/6
  2074 | D:4      | Found a staircase to the Ecumenical Temple.
  2088 | Temple   | Entered the Ecumenical Temple
  2111 | Temple   | Became a worshipper of Warmaster Okawaru
  2157 | D:4      | Noticed an ogre
  2165 | D:4      | Killed an ogre
  2165 | D:4      | Reached XP level 6. HP: 43/43 MP: 7/7
  2321 | D:4      | Found a sacrificial altar of Ru.
  2440 | D:5      | Entered Level 5 of the Dungeon
  2611 | D:5      | Noticed Blork the orc
  2617 | D:5      | Killed Blork the orc
  2617 | D:5      | Reached * piety under Okawaru
  2652 | D:5      | Reached skill level 5 in Crossbows
  2652 | D:5      | Reached XP level 7. HP: 36/48 MP: 8/8
  2711 | D:5      | Reached skill level 5 in Maces & Flails
  2836 | D:5      | HP: 2/48 [poisoned by a worker ant]
  3075 | D:5      | Noticed Sigmund
  3089 | D:5      | Killed Sigmund
  3094 | D:5      | Reached XP level 8. HP: 28/54 MP: 9/9
  3316 | D:5      | Noticed Oozefury's ghost (novice DsMo)
  3330 | D:5      | Killed Oozefury's ghost
  3330 | D:5      | Reached ** piety under Okawaru
  3491 | D:5      | Found an opulent altar of Gozag.
  3610 | D:5      | Reached skill level 1 in Invocations
  3797 | D:6      | You fall through a shaft for 3 floors!
  3831 | D:8      | Reached skill level 2 in Invocations
  3943 | D:8      | Reached *** piety under Okawaru
  3986 | D:8      | Received a gift from Okawaru
  3986 | D:8      | Reached skill level 3 in Invocations
  3986 | D:8      | Reached XP level 9. HP: 42/59 MP: 11/11
  4091 | D:7      | Reached skill level 4 in Invocations
  4149 | D:7      | Noticed a hippogriff
  4158 | D:7      | Reached skill level 5 in Invocations
  4165 | D:7      | Killed a hippogriff
  4165 | D:7      | Reached skill level 6 in Invocations
  4369 | D:6      | Found a radiant altar of Vehumet.
  4382 | D:6      | Reached skill level 7 in Invocations
  4414 | D:6      | Found a hazy altar of Hepliaklqana.
  4642 | D:6      | Received a gift from Okawaru
  4747 | D:6      | Reached skill level 8 in Invocations
  5177 | D:7      | Found a hazy altar of Hepliaklqana.
  5199 | D:7      | Found a deep blue altar of Sif Muna.
  5300 | D:7      | Reached skill level 9 in Invocations
  5684 | D:8      | Found a radiant altar of Vehumet.
  5696 | D:8      | Noticed Pikel
  5713 | D:8      | Killed from afar by Pikel

Skill      XL: |  1  2  3  4  5  6  7  8  9 |
---------------+----------------------------+-----
Crossbows      | 3 4 5 6 |  6.6
Maces & Flails | 1 2 3 4 6 7 |  7.7
Invocations    | 3 9 |  9.2
Fighting       | |  1.1
Dodging        | |  1.7
Spellcasting   | |  1.1
Hexes          | |  3.6

Action                   |  1- 3 |  4- 6 |  7- 9 || total
-------------------------+-------+-------+-------++-------
Melee: Mace              |    33 |       |       ||    33
       Whip              |     6 |   137 |   134 ||   277
 Fire: Hand crossbow     |    31 |    12 |   237 ||   280
Invok: Heroism           |       |       |     2 ||     2
 Abil: Dig               |     1 |     2 |     5 ||     8
  Use: Scroll            |       |     8 |     8 ||    16
       Potion            |       |       |     4 ||     4
  Eat: Chunk             |     1 |     5 |    16 ||    22
       Pizza             |       |       |     1 ||     1
Armor: Leather armour    |    19 |    14 |       ||    33
       Chain mail        |       |    49 |   154 ||   203
       Ring mail         |       |     2 |       ||     2
       Skin              |       |       |    14 ||    14
Dodge: Dodged            |    35 |    43 |    92 ||   170

Table legend:
 A = Turns spent in this place as a percentage of turns spent in the entire game.
 B = Non-inter-level travel turns spent in this place as a percentage of non-inter-level travel turns spent in the entire game.
 C = Inter-level travel turns spent in this place as a percentage of turns spent in this place.
 D = Turns resting spent in this place as a percentage of non-inter-level travel turns spent in this place.
 E = Turns spent auto-exploring this place as a percentage of non-inter-level travel turns spent in this place.
 F = Non-inter-level travel turns spent in this place divided by the number of levels of this place that you've seen.
                   A       B       C       D       E      F
               +-------+-------+-------+-------+-------+----------------------
         Total | 100.0 | 100.0 |   0.5 |   3.5 |  16.5 | 145.7
       Dungeon |  99.3 |  99.4 |   0.5 |   3.5 |  16.3 | 160.9
        Temple |   0.7 |   0.6 |  10.0 |   0.0 |  44.4 |   9.0
               +-------+-------+-------+-------+-------+----------------------

Table legend:
 A = Kills in this place as a percentage of kills in entire the game.
 B = Kills by you in this place as a percentage of kills by you in the entire game.
 C = Kills by friends in this place as a percentage of kills by friends in the entire game.
 D = Other kills in this place as a percentage of other kills in the entire game.
 E = Experience gained in this place as a percentage of experience gained in the entire game.
 F = Experience gained in this place divided by the number of levels of this place that you have seen.
                   A       B       C       D       E      F
               +-------+-------+-------+-------+-------+----------------------
         Total | 100.0 | 100.0 |  -nan |  -nan | 100.0 | 368.7
       Dungeon | 100.0 | 100.0 |  -nan |  -nan | 100.0 | 409.7
               +-------+-------+-------+-------+-------+----------------------

Vault maps used:
D:1:      shiori_shiawase, lemuel_old_faithful
D:2:      chequers_temple_overflow_minitemple
D:3:      minmay_unequal
D:4:      kennysheep_little_box, first_bread
D:5:      lemuel_statue_altar, uniq_sigmund, uniq_blork_the_orc
D:6:      marbit_many_paths, basic_altar
D:7:      overflow_temple_1_default, basic_altar
D:8:      lemuel_round_altar, hangedman_pestilent_swarm, uniq_pikel
Temple:   compressed_dpeg_circular_temple
